 Dungeon Crawl Stone Soup version 0.31-a0-188-g5e087ee2ca (webtiles) character file.

Game seed: 926413902279269086

37 qw the Shooter (level 3, -2/20 HPs)
             Began as a Deep Elf Hunter on June 23, 2023.
             Slain by a gnoll
             ... wielding a +0 flail
              (6 damage)
             ... on level 2 of the Dungeon.
             The game lasted 00:00:19 (971 turns).

qw the Shooter (Deep Elf Hunter)                     Turns: 971, Time: 00:00:20

Health: -2/20      AC:  3    Str: 10    XL:     3   Next: 21%
Magic:  5/5        EV: 13    Int: 13    God:
Gold:   99         SH:  0    Dex: 24    Spells: 2/2 levels left

rFire   . . .        Y - +0 shortbow (freeze)
rCold   . . .        (shield currently unavailable)
rNeg    . . .        c - +0 leather armour
rPois   .            (no helmet)
rElec   .            (no cloak)
rCorr   .            (no gloves)
SInv    .            (no boots)
Will    .....        (no amulet)
Stlth   ++           f - +6 ring of dexterity
HPRegen 0.23/turn    (no ring)
MPRegen 0.09/turn

%: no passive effects
@: no status effects
A: no striking features
a: no special abilities


You were on level 2 of the Dungeon.
You visited 1 branch of the dungeon, and saw 2 of its levels.

You collected 99 gold pieces.


   Skills:
 - Level 1.5 Fighting
 + Level 6.8 Ranged Weapons
 - Level 2.4 Dodging
 - Level 1.2 Stealth


You had 2 spell levels left.
You didn't know any spells.
Your spell library was empty.

Inventory:

Hand Weapons
 Y - a +0 shortbow of freezing (weapon)
Armour
 c - a +0 leather armour (worn)
Jewellery
 f - a +6 ring of dexterity (left hand)
Scrolls
 a - a scroll of identify
Potions
 b - 2 potions of curing {unknown}
 e - a potion of mutation

Dungeon Overview and Level Annotations

Branches:
Dungeon (2/15)

Altars:


Message History

Enter note:
b - 2 sedimented cyan potions (gained 1)
Found a stone staircase leading up.
Enter note:
Enter note: You now have 95 gold pieces (gained 8).
A rat comes into view.
Enter note:
Enter note: You shoot an arrow.
The arrow hits the rat!
The arrow freezes the rat.
You kill the rat!
You now have 99 gold pieces (gained 4).
A rat comes into view.
Found a scroll labelled LARIDE GOERCHU and 5 stones.
Enter note:
Enter note: You shoot an arrow.
The arrow hits the rat!
The arrow freezes the rat.
You kill the rat!
You hear a shout!
You hear an angry hiss.
A gnoll comes into view. It is wielding a +0 flail.
A quokka comes into view.
You shoot an arrow. The arrow hits the quokka!
The arrow freezes the quokka.
You kill the quokka!
A quokka comes into view.
You shoot an arrow.
The arrow hits the gnoll but does no damage.
A rat comes into view.
You shoot an arrow. The arrow barely misses the gnoll.
The gnoll hits you with a +0 flail!
You shoot an arrow.
The arrow hits the gnoll but does no damage.
The gnoll barely misses you.
You shoot an arrow. The arrow hits the gnoll.
The arrow freezes the gnoll.
The gnoll is heavily wounded.
An adder comes into view.
The gnoll hits you with a +0 flail! The rat closely misses you.
You shoot an arrow. The arrow hits the gnoll.
The arrow freezes the gnoll.
The gnoll is almost dead.
The gnoll hits you with a +0 flail.
You die...

## ## #. .# ### ##
#%###%# #..
.######.#.#.# #.#
.#.../.r#<..# #.#
.#....rg@..#####
#.#
.#.###.###.....#
#.# .#.#(? #.#.###
#.##...## #.#.#
#......# #.#.#
###.##.#######...#
####
#............###
...#
####.###.#..###
...#...##.....#..#


You could see a gnoll, a quokka and a rat.

Vanquished Creatures
  A worm (D:2)
  A dart slug (D:1)
  3 endoplasms
  A giant cockroach (D:1)
  4 goblins
  A hobgoblin (D:1)
  2 jackals (D:2)
  A kobold (D:2)
  3 quokkas
  2 ball pythons (D:1)
  6 bats
  A frilled lizard (D:2)
  4 rats
30 creatures vanquished.

Notes
Turn   | Place    | Note
-------+----------+-------------------------------------------
     0 | D:1      | qw the Deep Elf Hunter began the quest for the Orb.
     0 | D:1      | Reached XP level 1. HP: 12/12 MP: 3/3
     0 | D:1      | 0 ||| qw: Version: 0.3-a-9-g12657ce
     0 | D:1      | 0 ||| qw: Game counter: 3809
     0 | D:1      | 0 ||| qw: Always use a shield: true
     0 | D:1      | 0 ||| qw: God list: Okawaru
     0 | D:1      | 0 ||| qw: Allow faded altars: false
     0 | D:1      | 0 ||| qw: Do Orc after D:15 true
     0 | D:1      | 0 ||| qw: Do second Lair branch before Depths: true
     0 | D:1      | 0 ||| qw: Lair rune preference: random
     0 | D:1      | 0 ||| qw: Plans: Normal
     0 | D:1      | 0 ||| PLANNING D:1-11
   300 | D:1      | Reached XP level 2. HP: 16/16 MP: 4/4
   314 | D:1      | Reached skill level 6 in Ranged Weapons
   736 | D:1      | 736 ||| UPGRADING to +6 ring of dexterity.
   737 | D:1      | 737 ||| READING 3 scrolls labelled DYDEQ WAGE.
   738 | D:1      | 738 ||| READING scroll labelled NUIXUCH LYFI.
   739 | D:1      | 739 ||| READING scroll labelled TOGEXU NOATI.
   771 | D:1      | 771 ||| READING scroll labelled XUDAHU TUTT.
   772 | D:1      | 772 ||| READING scroll labelled ZYESI AMUTAT.
   773 | D:1      | 773 ||| READING 2 scrolls of identify.
   773 | D:1      | 773 ||| IDENTIFYING metallic emerald potion
   774 | D:1      | 774 ||| DROPPING scroll of butterflies.
   839 | D:2      | Reached XP level 3. HP: 20/20 MP: 5/5
   970 | D:2      | HP: 4/20 [gnoll/+0 flail (9)]
   971 | D:2      | Slain by a gnoll

Levels and vault maps discovered:
D:1:      evilmike_arrival_fibonacci_small, layout_loops_corners
D:2:      layout_basic, minmay_split_cup_large

Skill      XL: |  1  2 |
---------------+-------+-----
Ranged Weapons | 6 |  6.8
Fighting       | |  1.5
Dodging        | |  2.4
Stealth        | |  1.2

Action                     || total
---------------------------++-------
   Fire: Shortbow          ||    67
    Use: Scroll            ||     6
 Armour: Leather armour    ||     3
  Dodge: Dodged            ||    13

Table legend:
 A = Non-vault XP
 B = Vault XP
 C = Vault XP percentage of total XP
 D = Non-vault monster count
 E = Vault monster count
 F = Vault count percentage of total count
                 A         B        C        D         E       F
            +---------+---------+-------+---------+---------+-------
      Total |      51 |       2 |   3.8 |      29 |       1 |   3.3
            +---------+---------+-------+---------+---------+-------
        D:1 |      30 |       0 |   0.0 |      18 |       0 |   0.0
        D:2 |      21 |       2 |   8.7 |      11 |       1 |   8.3
            +---------+---------+-------+---------+---------+-------
